 Dungeon Crawl Stone Soup version 0.28-a0-723-g095bd1b44f (webtiles) character file.

Game seed: 16201970419662453818

91 pokeman the Magician (level 4, -1/25 HPs)
             Began as a Deep Elf Hedge Wizard on Oct 25, 2021.
             Slain by a river rat (4 damage)
             ... on level 3 of the Dungeon.
             The game lasted 00:03:43 (2280 turns).

pokeman the Magician (Deep Elf Hedge Wizard)        Turns: 2280, Time: 00:03:43

Health: -1/25      AC:  4    Str:  7    XL:     4   Next: 34%
Magic:  3/13       EV: 12    Int: 20    God:
Gold:   108        SH:  0    Dex: 14    Spells: 3/14 levels left

rFire   . . .      SeeInvis .   e - +2 dagger (venom)
rCold   . . .      Faith    .   (no shield)
rNeg    . . .      Spirit   .   k - +0 leather armour
rPois   .          Reflect  .   c - +0 hat
rElec   .          Harm     .   (no cloak)
rCorr   .          Rampage  .   (no gloves)
Will    .....                   j - +0 pair of boots
Stlth   +.........              (no amulet)
HPRegen 0.08/turn               (no ring)
MPRegen 0.13/turn               (no ring)

@: very slow
A: no striking features
a: no special abilities


You were on level 3 of the Dungeon.
You visited 1 branch of the dungeon, and saw 3 of its levels.

You collected 108 gold pieces.

Inventory:

Hand Weapons
 e - a +2 dagger of venom (weapon)
Missiles
 b - 32 bolts
Armour
 c - a +0 hat (worn)
 j - a +0 pair of boots (worn)
 k - a +0 leather armour (worn)
Scrolls
 a - a scroll of acquirement {unknown}
 d - a scroll of identify {unknown}
 f - a scroll of brand weapon {unknown}
 g - a scroll of fear {unknown}
 i - a scroll of summoning {unknown}
Potions
 h - a potion of brilliance {unknown}


   Skills:
 - Level 1.0 Fighting
 - Level 1.0 Armour
 + Level 2.6 Dodging
 - Level 2.4 Stealth
 * Level 5.7 Spellcasting
 + Level 2.2 Conjurations
 - Level 1.1 Summonings
 - Level 1.1 Translocations
 + Level 0.4 Fire Magic


You had 3 spell levels left.
You knew the following spells:

 Your Spells              Type           Power      Damage    Failure   Level
a - Magic Dart            Conj           56%        1d5       6%          1
b - Mephitic Cloud        Conj/Pois/Air  8%         N/A       34%         3
c - Call Imp              Summ           10%        N/A       16%         2
d - Blink                 Tloc           20%        N/A       16%         2
e - Conjure Flame         Conj/Fire      11%        6-21      26%         3

Your spell library contained the following spells:

 Spells                   Type           Power      Damage    Failure   Level
 Corpse Rot               Necr/Air       10%        N/A       24%         2
 Slow                     Hex            5%         N/A       24%         2
 Dispel Undead            Necr           5%         3d7       83%         4
 Death Channel            Necr           2%         N/A       100%        6


Dungeon Overview and Level Annotations

Branches:
Dungeon (3/15)

Altars:
Fedhas


Message History

The magic dart hits the river rat.
The river rat is moderately wounded.
The river rat bites you!
Casting: Magic Dart (safe; 6% risk of failure)
Confirm with . or Enter, or press ? or * to list all spells.
Aiming: Magic Dart (safe; 6% risk of failure)
Press: ? - help, Shift-Dir - straight line, f/p - river rat
Aim: a river rat (moderately wounded, 100% to hit)
The magic dart hits the river rat but does no damage.
The river rat is moderately wounded.
The river rat bites you.
Casting: Magic Dart (safe; 6% risk of failure)
Confirm with . or Enter, or press ? or * to list all spells.
Aiming: Magic Dart (safe; 6% risk of failure)
Press: ? - help, Shift-Dir - straight line, f/p - river rat
Aim: a river rat (moderately wounded, 100% to hit)
The magic dart hits the river rat but does no damage.
The river rat is moderately wounded.
The river rat bites you.
Casting: Magic Dart (safe; 6% risk of failure)
Confirm with . or Enter, or press ? or * to list all spells.
Aiming: Magic Dart (safe; 6% risk of failure)
Press: ? - help, Shift-Dir - straight line, f/p - river rat
Aim: a river rat (moderately wounded, 100% to hit)
The magic dart hits the river rat but does no damage.
The river rat is moderately wounded.
The river rat bites you.
* * * LOW HITPOINT WARNING * * *
Casting: Magic Dart (safe; 6% risk of failure)
Confirm with . or Enter, or press ? or * to list all spells.
Aiming: Magic Dart (safe; 6% risk of failure)
Press: ? - help, Shift-Dir - straight line, f/p - river rat
Aim: a river rat (moderately wounded, 100% to hit)
The magic dart hits the river rat.
The river rat is heavily wounded.
The river rat bites you but does no damage.
You hit the river rat but do no damage.
The river rat is poisoned.
The river rat is heavily wounded.
The river rat bites you.
You die...

#######
#####...#..
#≈@≈#...#.#
#r#≈#≈..#.#####
#≈#≈#≈..#.##.. ##
≈≈#≈≈≈≈.#.##.# ..
##≈#≈#≈)...##.##.#
≈≈#≈÷≈..........#
###≈#....###.####
#≈≈≈...##...#
#†≈...###...###


You could see a river rat (very poisoned).

Vanquished Creatures
  3 adders (D:3)
  A river rat (D:3)
  2 worms
  A dart slug (D:1)
  2 bats
  4 endoplasms
  A giant cockroach (D:1)
  6 goblins
  4 hobgoblins
  2 jackals (D:1)
  A quokka (D:1)
  7 ball pythons
  3 frilled lizards
  3 kobolds (D:1)
  10 rats
50 creatures vanquished.

Notes
Turn   | Place    | Note
-------+----------+-------------------------------------------
     0 | D:1      | pokeman the Deep Elf Hedge Wizard began the quest for the
                  | Orb.
     0 | D:1      | Reached XP level 1. HP: 10/10 MP: 7/7
   117 | D:1      | Reached XP level 2. HP: 16/16 MP: 1/9
   528 | D:1      | Reached skill level 5 in Spellcasting
   598 | D:1      | Found a faded altar of an unknown god.
   612 | D:1      | Reached XP level 3. HP: 20/20 MP: 6/11
  1154 | D:2      | Found a blossoming altar of Fedhas.
  1993 | D:3      | Learned a level 3 spell: Mephitic Cloud
  1996 | D:3      | Learned a level 2 spell: Call Imp
  1999 | D:3      | Learned a level 2 spell: Blink
  2003 | D:3      | Learned a level 3 spell: Conjure Flame
  2020 | D:3      | Reached skill level 1 in Fighting
  2027 | D:3      | Reached skill level 1 in Armour
  2127 | D:3      | Reached XP level 4. HP: 23/25 MP: 5/13
  2280 | D:3      | Slain by a river rat

Illustrated notes

Levels and vault maps discovered:
D:1:      dpeg_arrival_more_subterranean_lakeside_camping, layout_rooms,
          shapermc_ecumenical_altar_starsandcircs,
          hangedman_decor_clover_reticule
D:2:      layout_loops_ring, basic_altar, grunt_decor_arrowhead
D:3:      layout_loops_corners, vehumet_statue, lightli_sewer_entry_pipes,
          ebering_ghost_sewer_f, chequers_serial_rivers_micro_c

Skill      XL: |  1  2  3 |
---------------+----------+-----
Spellcasting   | 5 |  5.7
Conjurations   | 2 |  2.2
Fighting       | 1 |  1.0
Armour         | 1 |  1.0
Dodging        | |  2.6
Stealth        | |  2.4
Summonings     | |  1.1
Translocations | |  1.1
Fire Magic     | |  0.4

Action                   |  1- 3 |  4- 6 || total
-------------------------+-------+-------++-------
Melee: Dagger            |     5 |     1 ||     6
 Cast: Magic Dart        |   110 |    15 ||   125
 Stab: Sleeping          |     1 |       ||     1
Armor: Robe              |     3 |       ||     3
       Leather armour    |       |     2 ||     2
Dodge: Dodged            |     4 |       ||     4

Table legend: (Time is in decaauts)
 A = Elapsed time spent in this place.
 B = Non-inter-level travel time spent in this place.
 C = Inter-level travel time spent in this place.
 D = Time resting spent in this place.
 E = Time spent auto-exploring this place.
 F = Levels seen in this place.
 G = Mean time per level.
                   A        B        C        D        E       F      G
               +--------+--------+--------+--------+--------+-----+--------+
         Total |   2286 |   2179 |    107 |      0 |   1902 |   3 |  762.0 |
       Dungeon |   2286 |   2179 |    107 |      0 |   1902 |   3 |  762.0 |
               +--------+--------+--------+--------+--------+-----+--------+

Top non-repeatable levels by time:
     D:1: 1062 daAuts
     D:2: 927 daAuts
     D:3: 296 daAuts
